Map: Purity and Industry LE

Players

JohnnyV

  • Race: Terran Terran
  • League: Silver
  • Spawn Location: 3:00

佑佑欸 - Winner!

  • Race: Protoss Protoss
  • League: Silver
  • Spawn Location: 12:00

VOD

Have the link to the VOD?

Description

Time

  • Played on: May 9, 2020, 3:40 p.m.
  • Length: 13:29
Show
View Real Time Build Order
Export as new Build Order

JohnnyV Terran 

Build Orders:  

Get SALT Encoding   

  12  0:01  SCV  
  13  0:13  SCV  
  14  0:18  Supply Depot  
  14  0:25  SCV  
  15  0:29  Refinery  
  15  0:44  Barracks  
  15  0:46  SCV  
  16  0:58  SCV  
  17  1:08  Barracks  
  17  1:10  SCV  
  18  1:27  SCV  
  19  1:36  Reaper  
  19  1:38  Supply Depot  
  20  1:41  SCV  
  21  1:56  Orbital Command  
  21  1:57  Barracks Reactor  
  21  2:01  Refinery  
  21  2:10  Bunker  
  21  2:16  Barracks Tech Lab  
  21  2:22  Factory  
  21  2:42  Marine  
  21  2:54  Combat Shield  
  21  2:56  Marine x2  
  23  3:00  Marine  
  24  3:15  Engineering Bay  
  24  3:17  SCV, Marine x2  
  24  3:18  Marine  
  28  3:21  Supply Depot, Factory Tech Lab  
  28  3:22  Starport  
  28  3:29  SCV  
  29  3:36  Marauder  
  31  3:42  Marine x2  
  33  3:55  Siege Tank  
  36  4:14  Command Center  
  36  4:24  Marine x2  
  38  4:31  Supply Depot  
  38  4:37  SCV  
  39  4:43  Terran Infantry Weapons Level 1  
  39  4:51  Starport Reactor  
  39  4:53  Marine x2, Marauder  
  43  5:05  Supply Depot  
  43  5:08  Supply Depot  
  43  5:14  Marine x2  
  44  5:17  Concussive Shells  
  44  5:20  SCV  
  46  5:27  Marauder  
  48  5:38  Viking  
  50  5:44  Marine x2  
  52  5:53  Orbital Command  
  53  5:57  SCV  
  53  6:09  Viking  
  53  6:11  Siege Tank  
  58  6:12  Marine  
  59  6:26  Missile Turret  
  59  6:27  Missile Turret  
  59  6:36  SCV  
  59  6:37  SCV  
  59  6:39  Marine x2  
  63  6:40  Marauder  
  48  7:02  Viking x2  
  48  7:05  Marine x2  
  54  7:08  Terran Infantry Armor Level 1  
  54  7:24  Sensor Tower  
  54  7:27  SCV x2  
  56  7:32  Marine x3  
  56  7:34  Medivac  
  61  7:39  Siege Tank  
  64  7:50  Marine, Marauder  
  64  7:51  Marine  
  68  7:55  Refinery  
  68  7:57  Refinery  
  68  8:00  Barracks  
  68  8:05  Supply Depot  
  68  8:06  Medivac  
  68  8:07  Medivac  
  68  8:11  Marine x2  
  74  8:15  SCV x2  
  74  8:18  Supply Depot  
  76  8:21  Supply Depot  
  76  8:27  SCV x2  
  76  8:30  Marauder  
  76  8:31  Marine x2  
  82  8:40  Cyclone  
  85  8:51  Barracks Tech Lab  
  85  8:52  Marine x2  
  87  8:55  Viking  
  89  9:05  Armory  
  89  9:15  Engineering Bay  
  89  9:22  Hi-Sec Auto Tracking  
  89  9:25  Cyclone  
  89  9:28  Marauder  
  94  9:32  Stimpack  
  94  9:34  SCV  
  95  9:53  Command Center  
  95  9:57  Viking  
  95  9:59  Viking  
  99  10:02  Marine  
  99  10:03  Marine  
  101  10:27  Thor  
  107  10:29  Marauder  
  109  10:41  Supply Depot  
  109  10:45  Supply Depot, Marauder  
  111  10:50  Marauder  
  111  10:54  Marine x2  
  115  10:57  Viking  
  115  11:01  Terran Infantry Armor Level 2  
  117  11:07  Marauder  
  119  11:15  Marine x2  
  119  11:16  Marauder  
  123  11:28  Marauder  
  123  11:31  Thor  
  131  11:33  Viking  
  133  11:56  Marine x2  
  133  11:57  Marine x2  
  133  11:59  Orbital Command  
  137  12:02  SCV  
  138  12:18  Marine, Marauder x2  
  143  12:27  SCV x2  
  145  12:30  SCV  
  146  12:37  Marine x2  
  148  12:47  Marauder  
  124  13:11  Marine x4  
Show
View Real Time Build Order
Export as new Build Order

佑佑欸 Protoss - Winner!

Build Orders: Colossus Rush 

Get SALT Encoding   

  12  0:16  Pylon  
  12  0:22  Probe  
  13  0:34  Probe  
  14  0:39  Forge  
  14  0:45  Assimilator  
  14  0:46  Probe  
  15  1:03  Probe (Chrono Boost)  
  16  1:07  Gateway  
  16  1:12  Pylon  
  16  1:19  Pylon  
  16  1:31  Pylon  
  16  1:37  Assimilator  
  16  1:39  Probe (Chrono Boost)  
  17  1:41  Pylon  
  17  1:49  Probe (Chrono Boost)  
  17  1:53  Probe (Chrono Boost)  
  18  1:57  Photon Cannon  
  19  2:04  Photon Cannon  
  19  2:14  Pylon  
  19  2:15  Probe (Chrono Boost)  
  20  2:26  Probe (Chrono Boost)  
  20  2:29  Photon Cannon  
  21  2:33  Pylon  
  20  2:47  Photon Cannon  
  20  2:58  Cybernetics Core  
  20  3:00  Probe  
  21  3:13  Probe  
  21  3:19  Pylon  
  22  3:25  Probe  
  23  3:37  Probe (Chrono Boost)  
  24  3:41  Stargate  
  25  3:49  Probe (Chrono Boost)  
  25  4:01  Photon Cannon  
  25  4:11  Robotics Facility  
  25  4:19  Nexus  
  25  4:32  Pylon  
  25  4:41  Probe  
  26  4:46  Assimilator  
  26  4:59  Void Ray  
  30  5:01  Robotics Bay  
  30  5:02  Probe  
  31  5:07  Observer  
  32  5:18  Assimilator  
  32  5:29  Observer  
  32  5:30  Probe (Chrono Boost)  
  34  5:42  Probe (Chrono Boost)  
  35  5:47  Probe (Chrono Boost)  
  35  5:48  Colossus (Chrono Boost)  
  36  5:56  Probe  
  43  6:21  Void Ray (Chrono Boost)  
  47  6:31  Pylon  
  47  6:33  Pylon  
  47  6:35  Photon Cannon, Observer  
  48  6:46  Extended Thermal Lance  
  48  6:57  Observer  
  49  7:14  Fleet Beacon  
  49  7:19  Pylon  
  49  7:28  Colossus (Chrono Boost)  
  49  7:34  Observer  
  49  7:35  Probe  
  56  7:47  Probe  
  57  7:59  Unknown  
  57  8:05  Stargate, Void Ray  
  61  8:15  Observer  
  62  8:30  Protoss Air Weapons Level 1  
  62  8:37  Observer  
  63  8:47  Void Ray  
  67  8:49  Carrier  
  67  8:54  Pylon  
  73  8:58  Observer  
  74  9:29  Observer  
  74  9:31  Pylon  
  74  9:37  Tempest (Chrono Boost)  
  74  9:38  Nexus  
  79  9:54  Observer  
  79  9:56  Carrier (Chrono Boost)  
  85  10:08  Observer  
  85  10:26  Colossus  
  91  10:37  Observer  
  91  10:38  Protoss Air Armor Level 1  
  91  10:41  Probe (Chrono Boost)  
  92  10:47  Observer  
  92  10:51  Probe (Chrono Boost)  
  92  10:54  Void Ray  
  92  10:56  Probe (Chrono Boost)  
  98  11:12  Void Ray  
  102  11:19  Assimilator  
  102  11:20  Pylon  
  102  11:23  Observer  
  103  11:40  Pylon  
  103  11:42  Pylon  
  103  11:45  Tempest (Chrono Boost), Observer  
  109  12:07  Photon Cannon  
  109  12:08  Photon Cannon  
  109  12:10  Photon Cannon, Observer  
  109  12:26  Colossus  
Tags
 
Add a new tag
Caveats
  • Supply blocks, unpowered buildings, or Contaminate may cause inaccurate times.
  • Supply counts are checked every 10 seconds.